[Event "Czech Extraliga 2023-24"]
[Site "Czech Republic"]
[Date "2024.04.06"]
[Round "9.2"]
[White "Kempinski, Robert"]
[Black "Antoniewski, Rafal"]
[Result "1-0"]
[ECO "D27"]
[WhiteElo "2547"]
[BlackElo "2459"]
[Annotator "TA"]
[PlyCount "99"]
[EventDate "2023.10.14"]
[EventCountry "CZE"]
[SourceTitle "playchess.com"]
[Source "ChessBase"]
[SourceQuality "1"]
[TimeControl "40/5400+30:1800+30"]

1. Nf3 Nf6 2. c4 e6 3. Nc3 d5 4. e3 dxc4 5. Bxc4 a6 6. O-O c5 7. d4 b5 8. Be2 Bb7 9. dxc5 Bxc5 10. Qxd8+ Kxd8 11. Nd2 Ke7 12. Nb3 Bd6 13. Na5 {[%emt 0:02:08] White is slightly better.} Ra7 14. Bd2 Nc6 15. Nxb7 Rxb7 16. Rfc1 Ne5 17. Nd1 Ne4 18. Be1 Nc5 {[%emt 0:00:31] ...Ned3 is the strong threat.} 19. Rc2 Ncd3 20. Bc3 Nb4 $1 21. Rd2 Nd5 22. Bd4 Rc8 23. Nc3 Nxc3 24. Bxc3 f6 25. Rad1 Nf7 26. Ba5 Rbb8 27. a3 $1 Rc6 28. Bf3 Rc4 29. Bh5 {Strongly threatening Bxf7.} g6 30. Be2 $36 {[%mdl 2048] White fights for an advantage.} Rc6 {[#] Black is now going downhill.} 31. Bf3 $1 Rc4 32. g3 f5 33. Kg2 Rcc8 34. e4 {Black must now prevent exf5.} fxe4 35. Bxe4 Rc4 {[#]} (35... b4 $16) 36. Re2 $1 $18 Ra4 (36... Rcc8 $142 37. Bf3 Ng5) 37. Bc3 {Hoping for Bd5. This pair of bishops is nice.} b4 38. axb4 Bxb4 39. Bc6 Bxc3 40. Bxa4 Bxb2 41. Rb1 Rb4 42. Rbxb2 ({Don't take} 42. Rexb2 Rxa4 43. Rb7+ Kf6) 42... Rxa4 {[%mdl 4096] Endgame. KRR-KRN} 43. Rb7+ Kf6 44. Rb6 Nd8 45. Rd6 Ke7 46. Red2 Nf7 47. Rd7+ Kf6 48. R2d4 {Inhibits h5.} Ra5 49. Rf4+ Rf5 50. Rxf5+ {[%emt 0:17:44] Weighted Error Value: White=0.08 (flawless) /Black=0.18 (very precise) .  Mistake:       	---       	Black=2      Inaccurate:     	White=3     	Black=5      OK:         	White=24    	Black=14     Best:        	---       	Black=4      Strong:       	White=2     	Black=1} 1-0

[Event "Czech Extraliga 2023-24"]
[Site "Czech Republic"]
[Date "2024.04.06"]
[Round "9.2"]
[White "Mihok, Oliver"]
[Black "Michalik, Peter"]
[Result "1/2-1/2"]
[ECO "B30"]
[WhiteElo "2544"]
[BlackElo "2571"]
[Annotator "TA"]
[PlyCount "100"]
[EventDate "2023.10.14"]
[EventCountry "CZE"]
[SourceTitle "playchess.com"]
[Source "ChessBase"]
[SourceQuality "1"]
[TimeControl "40/5400+30:1800+30"]

1. e4 c5 2. Nf3 Nc6 3. Bb5 e6 4. O-O Nge7 5. d4 cxd4 6. Nxd4 Ng6 7. Be3 Be7 8. Be2 O-O {[%emt 0:01:28] White has an edge.} 9. c4 b6 10. Nc3 Bb7 11. Nb3 Na5 12. Qd2 (12. Nxa5 $14 {was preferrable.} bxa5 13. Qd2) 12... Nxb3 $11 13. axb3 f5 {[%emt 0:00:59] [#]} (13... Bb4 $11) 14. exf5 $1 $16 Nh4 15. fxe6 Bxg2 (15... Nxg2 $2 16. Qxd7 (16. exd7 Rf6 $14) 16... Qxd7 (16... Nxe3 $2 17. fxe3 Qxd7 18. exd7 $18) 17. exd7 $18) 16. Qxd7 $1 Bxf1 17. Qxd8 (17. Rxf1 Qe8 18. Qd3 Nf5 $17) (17. Bxf1 $2 Nf3+ 18. Kg2 Qb8 $19) 17... Raxd8 18. Bxf1 Rde8 19. Nd5 (19. Rxa7 Bc5 $16) 19... Bd8 20. Bh3 Nf5 $1 21. Rxa7 {[%emt 0:04:32] White has more active pieces.} Rxe6 22. Bxf5 Rxf5 23. Ra8 Rf8 24. Rb8 Bf6 25. Rxb6 Rxb6 26. Nxb6 $11 {[%emt 0:01:08][%mdl 4096] Endgame. next b4 is good for White. KRB-KBN} Kf7 27. Nd7 Rc8 28. Nxf6 Kxf6 {[%emt 0:00:31] KR-KB} 29. Bd4+ Kf5 30. Kf1 (30. Bxg7 $2 {is the wrong capture.} Rg8 31. b4 Rxg7+ 32. Kf1 Ke4 $19) 30... g5 31. Bc3 Ke4 32. Ke2 (32. Kg2 $11) 32... g4 $15 {[%emt 0:00:10][%mdl 1024] Black has compensation.} 33. Bd2 Rc7 (33... h5 $1 $15) 34. Ba5 Rc6 35. Bd8 Rh6 36. Bc7 Rh3 ({Black should play} 36... Rf6 $1 $15) 37. Bg3 $11 {[%emt 0:00:24] And now b4 would win.} Rh6 38. b4 {[%emt 0:01:13] Strongly threatening b5.} Ra6 39. Kd2 Kd4 40. b5 Rf6 41. b3 {[%emt 0:32:36] Black must now prevent Ke2.} h5 $2 {[%emt 0:30:51][%mdl 8192] [#]} (41... Rf3 $11 {and Black stays safe.}) 42. Kc2 $2 (42. f4 $1 $18 {Hoping for Bf2+.} gxf3 43. Bf2+ Ke5 (43... Ke4 $2 44. b6 $18) 44. b4 (44. Ke3 Kd6 $16)) 42... Kc5 {[%emt 0:00:00] The position is equal.} 43. Kb2 Rf7 44. Bh4 Kb4 $1 45. Kc2 Kc5 46. Bg3 (46. Kc3 $5) 46... Rf6 47. Kc3 {[%emt 0:00:00] Threatens to win with f4.} Rf3+ 48. Kb2 Rf7 49. Kc1 Rf3 50. Kc2 Rf6 {Weighted Error Value: White=0.14 (very precise) /Black=0.20 (precise) .  Loses game:     	---       	Black=1      Missed win:     	White=1     	---        Mistake:       	White=2     	Black=3      Inaccurate:     	White=3     	Black=2      OK:         	White=16    	Black=24     Best:        	White=2     	Black=3      Strong:       	White=2     	Black=2} 1/2-1/2

[Event "Czech Extraliga 2023-24"]
[Site "Czech Republic"]
[Date "2024.04.06"]
[Round "9.3"]
[White "Hracek, Zbynek"]
[Black "L'Ami, Erwin"]
[Result "1/2-1/2"]
[ECO "B12"]
[WhiteElo "2549"]
[BlackElo "2627"]
[Annotator "TA"]
[PlyCount "54"]
[EventDate "2023.10.14"]
[EventCountry "CZE"]
[SourceTitle "playchess.com"]
[Source "ChessBase"]
[SourceQuality "1"]
[TimeControl "40/5400+30:1800+30"]

1. e4 c6 2. d4 d5 3. e5 Bf5 4. h4 h5 5. Bd3 Bxd3 6. Qxd3 {[%emt 0:00:02][%cal Oe5e6] Strongly threatening e6!} Qa5+ 7. Bd2 Qa6 {[%emt 0:01:29] [#]} 8. e6 $1 {[%emt 0:00:34] exf7+ is the strong threat.} Qxd3 9. exf7+ Kxf7 10. cxd3 Nh6 11. Nf3 Nd7 12. O-O Nf5 13. g3 g6 14. Re1 Bg7 15. Bc3 Bf6 16. Nbd2 a5 17. a4 b6 18. Nb3 Rhc8 19. Rac1 c5 20. dxc5 Nxc5 21. Nxc5 {[%emt 0:00:24] The position is equal.} bxc5 22. Re2 Nd4 {[%emt 0:03:26] Dodges Rec2} 23. Bxd4 cxd4 24. Rec2 Rcb8 25. Rc5 Rxb2 26. Rxd5 Rb4 27. Rc4 Ke6 {[%emt 0:02:26] An uneventful encounter.   Weighted Error Value: White=0.06 (flawless) /Black=0.05 (flawless) .  Inaccurate:     	White=1     	Black=1      OK:         	White=8     	Black=8      Best:        	White=1     	Black=1} 1/2-1/2

[Event "Czech Extraliga 2023-24"]
[Site "Czech Republic"]
[Date "2024.04.06"]
[Round "9.3"]
[White "Jaracz, Pawel"]
[Black "Plat, Vojtech"]
[Result "1/2-1/2"]
[ECO "C41"]
[WhiteElo "2472"]
[BlackElo "2506"]
[Annotator "TA"]
[PlyCount "36"]
[EventDate "2023.10.14"]
[EventCountry "CZE"]
[SourceTitle "playchess.com"]
[Source "ChessBase"]
[SourceQuality "1"]
[TimeControl "40/5400+30:1800+30"]

1. e4 e5 2. Nf3 d6 3. d4 exd4 4. Nxd4 Nf6 5. Nc3 Be7 6. Be2 O-O 7. Bf4 a6 8. Qd2 c5 (8... Nc6 $11) 9. Nb3 $16 {[%emt 0:12:03] White is better.} b5 10. Bf3 {[%emt 0:11:03] White is more active.} ({White should play} 10. Rd1 $14) 10... Ra7 (10... b4 $5 11. Ne2 Nbd7 $15) 11. O-O b4 12. Ne2 Nc6 13. a3 bxa3 14. Rxa3 Be6 15. Rd1 Qb6 16. Nc3 (16. Bxd6 $2 {too greedy.} Bxd6 (16... Rd7 $2 17. e5 $19) 17. Qe3 (17. Qxd6 $2 {loses.} Rd7 $19) 17... Ne5 $19) 16... Ne5 17. Be2 Raa8 18. Qe3 Neg4 {[%emt 0:05:58] Weighted Error Value: White=0.13 (very precise) /Black=0.13 (very precise) .  Mistake:       	White=1     	Black=1      Inaccurate:     	---       	Black=2      OK:         	White=5     	Black=3      Best:        	White=1     	---} 1/2-1/2

[Event "Czech Extraliga 2023-24"]
[Site "Czech Republic"]
[Date "2024.04.06"]
[Round "9.3"]
[White "Cernousek, Lukas"]
[Black "Petr, Martin"]
[Result "1-0"]
[ECO "C07"]
[WhiteElo "2440"]
[BlackElo "2474"]
[Annotator "TA"]
[PlyCount "117"]
[EventDate "2023.10.14"]
[EventCountry "CZE"]
[SourceTitle "playchess.com"]
[Source "ChessBase"]
[SourceQuality "1"]
[TimeControl "40/5400+30:1800+30"]

1. e4 e6 2. d4 d5 3. Nd2 c5 4. Ngf3 cxd4 5. Nxd4 Nc6 6. Bb5 Bd7 7. Nxc6 bxc6 8. Bd3 Bd6 {[%emt 0:00:07] C07: French Tarrasch: 3...c5, 4 Ngf3 and 4 exd5 Qxd5.} 9. Qe2 Ne7 10. e5 Bc7 11. O-O c5 12. c4 Bc6 13. Rd1 $146 ({Predecessor:} 13. Nf3 dxc4 14. Bxc4 O-O 15. Be3 Bxf3 16. Qxf3 Bxe5 17. Bxc5 Qc7 18. Bxe7 Qxe7 19. Qe2 {0-1 Niemann,H (2687)-Carlsen,M (2864) Miami FTX Crypto Cup rapid 2022 (2.2)}) 13... d4 14. f4 a5 15. Ne4 Bxe4 16. Bxe4 Rb8 17. Rd3 h5 18. Ra3 g6 19. Rb1 Kd7 20. Bd2 Nc6 21. Bxc6+ Kxc6 22. Qd1 Kb7 23. Qf3+ Kc8 24. Qc6 Rb7 25. Bxa5 Kb8 26. Qxc5 Bxa5 27. Rxa5 (27. Qxa5 Qxa5 28. Rxa5 Rc8 $18) 27... d3 28. Ra6 (28. b4 Qc7 29. Qxc7+ Rxc7 $16) 28... Qc7 29. Rc6 Qe7 30. Qxe7 Rxe7 31. Rd6 Ra7 32. Ra1 (32. Rxd3 Rxa2 33. b3 Rf8 $18) 32... g5 33. Rxd3 (33. fxg5 Ra5 34. Rxd3 Rxe5) 33... gxf4 34. b4 h4 35. a3 f6 36. Re1 Rf7 37. Kf2 Rg8 38. exf6 Rxf6 39. Re2 Rfg6 40. Kf3 e5 41. Rd5 e4+ (41... h3 $142) 42. Rxe4 $18 (42. Kxf4 e3 43. h3 (43. Kxe3 Re8+ 44. Kf2 Rxe2+ 45. Kxe2 Rxg2+ 46. Kd3 Rxh2 $18) (43. Rxe3 Rg4+ 44. Kf3 Rxc4 $18) 43... Rxg2 $18) (42. Kxe4 Re6+ 43. Kf3 (43. Kxf4 $2 Rxe2 44. Rb5+ Kc8 $19) (43. Re5 $2 Rxe5+ 44. Kxe5 Re8+ 45. Kxf4 Rxe2 $19) 43... Rxe2 44. Kxe2 Rxg2+ 45. Kf3 Rc2 $18) 42... Rxg2 43. Rd8+ (43. Rxf4 Rxh2 44. Rh5 Rh3+ 45. Ke4 Rxa3 46. Rfxh4 (46. Rhxh4 Ra4 $11) 46... Ra4 47. Rb5+ Kc7 48. Rh7+ Kc8 $18) 43... Rxd8 44. Kxg2 Rd3 45. Rxf4 h3+ 46. Kf2 Rxa3 47. Rf3 Ra2+ 48. Kg3 Rc2 49. c5 (49. Kxh3 Rxc4 50. b5 Rc8 $18) 49... Rb2 50. Kxh3 (50. Rf4 Rb3+ 51. Kf2 (51. Kg4 Kc7 $18) 51... Rb2+ 52. Kg3 Rb3+ 53. Rf3 (53. Kg4 Kc7 $18) 53... Rxb4 54. Kxh3 Kc8 $18) 50... Rxb4 51. Rc3 (51. Kg3 $142 Re4 52. Rf5 Kc7 53. h4 Kd7 54. Rf4 Re6 55. Rf7+ Kc6 56. Rf5) 51... Kc7 52. Kg3 Rb1 53. h4 Kc6 54. h5 Rh1 55. Kg4 Rg1+ 56. Kh4 Rh1+ 57. Rh3 Ra1 58. h6 Kxc5 59. h7 1-0

[Event "Czech Extraliga 2023-24"]
[Site "Czech Republic"]
[Date "2024.04.06"]
[Round "9.3"]
[White "Stalmach, Richard"]
[Black "Jakubowski, Krzysztof"]
[Result "1-0"]
[ECO "E00"]
[WhiteElo "2433"]
[BlackElo "2462"]
[Annotator "TA"]
[PlyCount "92"]
[EventDate "2023.10.14"]
[EventCountry "CZE"]
[SourceTitle "playchess.com"]
[Source "ChessBase"]
[SourceQuality "1"]
[TimeControl "40/5400+30:1800+30"]

1. d4 Nf6 2. c4 e6 3. g3 Bb4+ 4. Nd2 c5 5. dxc5 Na6 (5... O-O $11) 6. Bg2 Nxc5 7. Ngf3 b6 8. a3 {[%emt 0:10:25] White has an edge.} Bxd2+ 9. Nxd2 Bb7 10. Bxb7 Nxb7 11. O-O O-O 12. b4 d5 13. Bb2 dxc4 14. Nxc4 Qxd1 15. Rfxd1 Rfd8 16. Rac1 Rxd1+ 17. Rxd1 Rc8 ({Black should play} 17... Rd8 $14 18. Rxd8+ Nxd8) 18. Bxf6 $16 gxf6 {[%emt 0:01:03][%mdl 4096] Endgame. KRN-KRN} 19. Rd7 $1 b5 20. Nd2 ({Of course not} 20. Rxb7 $6 bxc4 21. Rd7 (21. Rxa7 $2 c3 $19) 21... c3 $11) 20... Rb8 21. Nb3 a6 22. g4 Kf8 23. e3 {[%emt 0:02:40] White has more active pieces.} Ke8 24. Rc7 Nd6 25. Rc6 Kd7 26. Rxa6 Rg8 27. h3 f5 28. Ra7+ $1 Kc6 29. Nd4+ Kd5 30. Rd7 $1 (30. f3 fxg4 31. hxg4 e5) 30... fxg4 31. Nxb5 gxh3+ 32. Kh2 Kc6 33. Rxd6+ Kxb5 34. Kxh3 $18 {[%emt 0:00:03] KR-KR} Ra8 35. Rd7 f5 36. Rxh7 (36. Rd6 $18) 36... Rxa3 {[%emt 0:00:32] [#]} (36... Kc6 $1 $14) 37. Re7 $1 $16 Ra6 {[%emt 0:02:10] [#]} 38. Kg3 (38. Kh4 $1 $16 ) 38... Kxb4 $11 39. Kf4 {[%emt 0:00:03] Ke5 is the strong threat.} Kc5 $2 (39... Kc3 $11) 40. Ke5 {[%emt 0:01:11] White mates.} Ra2 41. f4 ({Stronger than} 41. Kxe6 Rxf2 42. Rf7 Re2 $11) 41... Ra8 42. Rxe6 Rf8 43. e4 fxe4 44. Kxe4 Rh8 45. f5 Rh1 46. Ke5 Rf1 {[%emt 0:00:05] Weighted Error Value: White=0.11 (very precise) /Black=0.28 (precise) .  Loses game:     	---       	Black=1      Mistake:       	White=2     	Black=2      Inaccurate:     	---       	Black=1      OK:         	White=13    	Black=19     Best:        	White=4     	Black=3      Strong:       	White=2     	---} 1-0

[Event "Czech Extraliga 2023-24"]
[Site "Czech Republic"]
[Date "2024.04.06"]
[Round "9.3"]
[White "Volosin, Leon"]
[Black "Anton Guijarro, David"]
[Result "1/2-1/2"]
[ECO "D31"]
[WhiteElo "2400"]
[BlackElo "2673"]
[Annotator "TA"]
[PlyCount "99"]
[EventDate "2023.10.14"]
[EventCountry "CZE"]
[SourceTitle "playchess.com"]
[Source "ChessBase"]
[SourceQuality "1"]
[TimeControl "40/5400+30:1800+30"]

1. d4 d5 2. c4 e6 3. Nc3 Bb4 4. Nf3 dxc4 5. a3 Bxc3+ 6. bxc3 c5 7. Qa4+ ({Much worse is} 7. dxc5 Qxd1+ 8. Kxd1 Nd7 $11) 7... Bd7 8. Qxc4 {[%emt 0:00:41] White has an edge.} Qa5 9. Bd2 (9. Qxc5 {simplifies} Qxc5 10. dxc5 Nf6 11. Be3) 9... Nf6 {[%emt 0:02:02] Prevents e4.} 10. Ne5 Ne4 {[%emt 0:13:17] Strongly threatening ...Nxd2.} 11. Qd3 Nxd2 12. Qxd2 O-O 13. e3 Rd8 14. Bd3 Nc6 {[%emt 0:00:35] [#] ...Nxe5 is the strong threat.} 15. Nf3 Be8 16. Ra2 Rac8 17. O-O cxd4 18. cxd4 Qxd2 19. Nxd2 Na5 20. Rb1 Rc3 21. Bb5 Bxb5 22. Rxb5 Rc1+ 23. Nf1 b6 24. g4 Rdc8 25. Rbb2 e5 26. dxe5 Nc4 27. Rc2 Nxe5 28. Rxc8+ Rxc8 $11 {[%emt 0:00:05][%mdl 4096] Endgame. KRN-KRN} 29. h3 $1 b5 30. Kg2 f6 31. Nd2 Kf7 32. Nf3 Rc4 33. Nxe5+ fxe5 {[%emt 0:00:00] KR-KR} 34. Rd2 Ke6 {[%emt 0:00:00] Prevents Rd7.} 35. Rd3 {[%emt 0:00:29] Wards off Rc3} a5 36. Rb3 $2 {[%emt 0:00:37] [#]} (36. Rd8 $11 {and White is okay.}) 36... b4 $19 37. axb4 Rxb4 ({Black should play} 37... axb4 $17 {And now ...Kd6 would win.} 38. Rd3 Rc3) 38. Rc3 Kd6 39. Rc8 a4 40. Kf3 g5 41. Kg3 {The position is equal.} Kd5 42. h4 h5 43. gxh5 Rxh4 44. f3 Rxh5 45. e4+ Ke6 46. Ra8 Rh4 47. Rxa4 Rf4 48. Ra6+ Kf7 49. Ra7+ Kf6 50. Ra6+ {[%emt 0:00:15] Weighted Error Value: White=0.11 (very precise) /Black=0.07 (flawless) .  Loses game:     	White=1     	---        Mistake:       	---       	Black=1      Inaccurate:     	White=2     	Black=3      OK:         	White=14    	Black=23     Best:        	White=2     	Black=1      Strong:       	White=1     	---} 1/2-1/2

[Event "Czech Extraliga 2023-24"]
[Site "Czech Republic"]
[Date "2024.04.06"]
[Round "9.4"]
[White "Zilka, Stepan"]
[Black "Miesbauer, Jan"]
[Result "0-1"]
[ECO "B67"]
[WhiteElo "2579"]
[BlackElo "2392"]
[Annotator "TA"]
[PlyCount "68"]
[EventDate "2023.10.14"]
[EventCountry "CZE"]
[SourceTitle "playchess.com"]
[Source "ChessBase"]
[SourceQuality "1"]
[TimeControl "40/5400+30:1800+30"]

1. e4 c5 2. Nf3 d6 3. d4 cxd4 4. Nxd4 Nf6 5. Nc3 Nc6 6. Bg5 e6 7. Qd2 a6 8. O-O-O Bd7 9. f4 h6 10. Bxf6 Qxf6 {[%emt 0:03:54] [#]} 11. e5 dxe5 $17 12. Ndb5 {[%emt 0:00:40] [#]} Qd8 (12... Qxf4 13. Nc7+ Kd8 14. Qxf4 (14. Nxa8 Qxd2+ 15. Kxd2 Be8 $18) 14... exf4 15. Nxa8 $16) 13. Nd6+ {[%emt 0:00:41] Black is better.} Bxd6 14. Qxd6 Qe7 {[%emt 0:05:00] ...Qxd6 is the strong threat.} 15. fxe5 Rd8 16. Ne4 {[%emt 0:06:18] Repels Qg5+. Black keeps a firm grip on the game.} (16. Qc7 $15 Bc8 17. Qxe7+ (17. Rxd8+ Qxd8 18. Qxd8+ Kxd8 $17) 17... Kxe7 18. Re1) 16... Bc8 17. Qxe7+ Kxe7 18. Be2 Rxd1+ 19. Rxd1 Nxe5 20. Nd6 Rd8 21. Nxc8+ Rxc8 {[%emt 0:00:05][%mdl 4096] Endgame. KRB-KRN} 22. Rd4 f5 23. Rb4 Rc7 24. a4 Nc6 25. Rc4 Kd6 26. c3 (26. Kd2 $142) 26... e5 $19 27. b4 e4 28. Kd2 g6 29. Ke3 (29. b5 $142 axb5 30. axb5) 29... Ne7 30. Rxc7 Nd5+ ({Don't do} 30... Kxc7 31. Kd4 $19) 31. Kd4 Nxc7 32. a5 Ne6+ 33. Kc4 $2 (33. Ke3) 33... Nf4 34. Bf1 e3 {[%emt 0:00:52] Weighted Error Value: White=0.51/Black=0.07 (flawless) .  Mistake:       	White=4     	---        OK:         	White=7     	Black=9      Best:        	---       	Black=6} 0-1

[Event "Czech Extraliga 2023-24"]
[Site "Czech Republic"]
[Date "2024.04.06"]
[Round "9.4"]
[White "Krejci, Jan"]
[Black "Laznicka, Viktor"]
[Result "1-0"]
[ECO "A40"]
[WhiteElo "2530"]
[BlackElo "2597"]
[Annotator "TA"]
[PlyCount "61"]
[EventDate "2023.10.14"]
[EventCountry "CZE"]
[SourceTitle "playchess.com"]
[Source "ChessBase"]
[SourceQuality "1"]
[TimeControl "40/5400+30:1800+30"]

1. d4 e6 2. c4 b6 3. Nc3 Bb4 4. e4 Bb7 5. Bd3 f5 6. Qh5+ (6. exf5 $2 Bxg2 (6... Bxc3+ 7. bxc3 Bxg2 8. Kd2 $17) 7. Qh5+ Kf8 $19 (7... g6 $2 8. fxg6 Nf6 9. g7+ Ke7 10. Bg5 $18)) 6... g6 7. Qh3 Bxc3+ 8. bxc3 {[%emt 0:00:01][%cal Re4f5] The position is equal.} fxe4 9. Bc2 Qe7 10. Ne2 Nf6 11. O-O Nc6 (11... Qf7 $14) 12. f3 $1 $16 O-O-O (12... O-O $16) 13. fxe4 $18 {[%emt 0:01:45] And now Bg5 would win.} Nh5 {[%emt 0:00:12] [#]} 14. g4 $1 $36 {[%emt 0:04:27][%mdl 2048] Keeping Black busy.} Ng7 {[%emt 0:01:52] [#]} 15. Qh6 $1 {[%emt 0:00:07] Strongly threatening Bg5.} Rdg8 16. Bg5 Qe8 17. Bf6 Qf8 (17... Qf7 $16 {keeps fighting.}) 18. Rf2 Nd8 19. Raf1 Nf7 20. Be7 {[%emt 0:05:13] This pair of bishops is nice.} Nxh6 21. Rxf8+ {[%emt 0:02:27] Black is weak on the dark squares} (21. Bxf8 $6 Ngf5 22. Bxh6 (22. exf5 Rxf8 23. fxg6 Rxf2 $11) 22... Nxh6) 21... Ne8 22. Rxg8 Rxg8 23. h3 g5 24. Ng3 Nd6 25. e5 Ndf7 26. Bxh7 Rg7 27. Bd3 d6 28. Bf6 Rg8 {[%emt 0:00:05] White is winning.} 29. Bh7 Re8 30. Bg7 dxe5 31. Rf6 {[%emt 0:03:33] Black did not feel at home in the position after the opening.   Weighted Error Value: White=0.08 (flawless) /Black=0.24 (precise) .  Mistake:       	---       	Black=3      Inaccurate:     	---       	Black=2      OK:         	White=13    	Black=10     Best:        	White=2     	Black=2      Strong:       	White=3     	---} ({Don't play} 31. dxe5 Kd8 32. Nh5 (32. Rf6 Ke7 $18) 32... Ke7 $18) (31. Bxe5 Nxe5 32. dxe5 Rh8 $18) 1-0

[Event "Czech Extraliga 2023-24"]
[Site "Czech Republic"]
[Date "2024.04.06"]
[Round "9.4"]
[White "Vykouk, Jan"]
[Black "Vlasak, Lukas"]
[Result "1/2-1/2"]
[ECO "A13"]
[WhiteElo "2509"]
[BlackElo "2464"]
[Annotator "TA"]
[PlyCount "55"]
[EventDate "2023.10.14"]
[EventCountry "CZE"]
[SourceTitle "playchess.com"]
[Source "ChessBase"]
[SourceQuality "1"]
[TimeControl "40/5400+30:1800+30"]

1. c4 e6 2. Nf3 d5 3. g3 Nf6 4. Bg2 dxc4 5. Qa4+ Bd7 {[%emt 0:01:32] The position is equal.} 6. Qxc4 c5 7. Ne5 Qc8 8. Nxd7 Qxd7 9. b3 Nc6 10. Bb2 Be7 11. O-O Rc8 12. d3 O-O 13. Nd2 Rfd8 14. Rfe1 b6 15. a3 Ne8 16. Rac1 Bf6 17. Bxf6 Nxf6 18. b4 Nd4 {[%emt 0:05:54][%cal Bc6d4,Bd4b5,Bb5d6,Bd6b7,Bb7a5][%mdl 32] [#] aiming for ...cxb4.} 19. e3 Nb5 {[%emt 0:04:16] A dynamic duo of knights.} 20. Nb1 h5 (20... Qxd3 $2 {too greedy.} 21. Qxd3 Rxd3 22. Bf1 $18) 21. a4 Nd6 22. Qb3 cxb4 23. Qxb4 Nb7 24. d4 {[%emt 0:00:59] Prevents Nc5} Na5 25. Nd2 Rxc1 26. Rxc1 Rc8 27. Rxc8+ Qxc8 28. Qb2 {[%emt 0:00:24] An uneventful encounter.   Weighted Error Value: White=0.04 (flawless) /Black=0.03 (flawless) .  OK:         	White=6     	Black=7} 1/2-1/2

[Event "Czech Extraliga 2023-24"]
[Site "Czech Republic"]
[Date "2024.04.06"]
[Round "9.4"]
[White "Janik, Igor"]
[Black "Ponizil, Cyril"]
[Result "1-0"]
[ECO "A37"]
[WhiteElo "2505"]
[BlackElo "2467"]
[Annotator "TA"]
[PlyCount "117"]
[EventDate "2023.10.14"]
[EventCountry "CZE"]
[SourceTitle "playchess.com"]
[Source "ChessBase"]
[SourceQuality "1"]
[TimeControl "40/5400+30:1800+30"]

1. c4 c5 2. Nc3 Nc6 3. Nf3 e5 4. g3 g6 5. Bg2 Bg7 6. d3 Nge7 7. O-O O-O 8. Bg5 h6 {[%emt 0:00:15] A37: Symmetrical English vs ...g6: 4 Bg2 Bg7 5 Nf3.} 9. Bxe7 Nxe7 10. Nd2 d6 11. a3 Rb8 12. Rb1 b6 13. e3 Be6 14. Qa4 d5 15. cxd5 Nxd5 16. Nxd5 Bxd5 17. Bxd5 Qxd5 18. Rfd1 Rbd8 19. Ne4 f5 20. Nc3 Qf3 21. Rd2 $1 h5 22. Qd1 Qc6 23. e4 Rd4 24. Qe2 f4 25. Nd5 Kh7 26. Rc2 f3 27. Qf1 Rd8 28. b4 Bf8 29. b5 Qe6 30. Rc4 Bh6 31. h3 Rf8 32. Kh2 Bd2 33. Rb2 Ba5 34. h4 Kg7 35. Rxd4 ({White should try} 35. Qd1 $14) 35... exd4 $11 36. Qc1 Qe5 $1 37. Rc2 Rf7 38. Qg5 Qxg5 39. hxg5 Be1 40. Nf4 Kh7 41. a4 Bc3 (41... Kg7 $14) 42. Nd5 $16 Be1 {[%emt 0:00:02] [#]} (42... c4 $16 43. dxc4 Ba5) 43. g4 $1 $18 c4 $2 (43... Kg7) 44. Rxc4 $18 Bxf2 45. Nf6+ Kg7 46. Rc8 ({Less strong is} 46. gxh5 gxh5 47. Rc6 Kg6 $18) 46... Re7 47. gxh5 gxh5 48. Nxh5+ Kg6 49. Nf4+ Kg7 50. Rc6 (50. Kh3 Be3 51. Nh5+ Kh7 $11) 50... Re5 51. Rg6+ Kh7 {[%emt 0:00:00] [#]} 52. Rh6+ $1 Kg8 53. Rh3 Rxg5 54. Rxf3 Be1 55. Ne6 Rh5+ 56. Kg2 Bc3 57. Rf8+ Kh7 58. Rf7+ Kh6 59. Rxa7 1-0

[Event "Czech Extraliga 2023-24"]
[Site "Czech Republic"]
[Date "2024.04.06"]
[Round "9.4"]
[White "Cvek, Robert"]
[Black "Zwardon, Vojtech"]
[Result "1/2-1/2"]
[ECO "A37"]
[WhiteElo "2450"]
[BlackElo "2452"]
[Annotator "TA"]
[PlyCount "20"]
[EventDate "2023.10.14"]
[EventCountry "CZE"]
[SourceTitle "playchess.com"]
[Source "ChessBase"]
[SourceQuality "1"]
[TimeControl "40/5400+30:1800+30"]

1. Nf3 c5 2. c4 g6 3. g3 Bg7 4. Bg2 Nc6 5. Nc3 d6 6. O-O Bg4 {[%emt 0:00:03] The position is equal.} 7. a3 Qd7 8. Rb1 Bh3 9. b4 Bxg2 10. Kxg2 Nf6 {[%emt 0:00:09] A rather calm draw.   Weighted Error Value: White=0.00 (flawless) /Black=0.01 (flawless) .  OK:         	White=1     	Black=2} 1/2-1/2